Map: Acropolis LE

Players

Mez

  • Race: Terran Terran
  • League: Master
  • Spawn Location: 5:00

A.I. 1 (Very Easy) - Winner!

  • Race: Terran Terran
  • Spawn Location: 11:00

VOD

Have the link to the VOD?

Description

Time

  • Played on: Aug. 26, 2019, 12:09 a.m.
  • Length: 9:34
Show
View Real Time Build Order
Export as new Build Order

Mez Terran 

Build Orders: Reaper Expand 

Get SALT Encoding   

  12  0:01  SCV  
  13  0:13  SCV  
  14  0:18  Supply Depot  
  14  0:25  SCV  
  15  0:39  SCV  
  15  0:41  Barracks  
  16  0:45  Refinery  
  16  0:51  SCV  
  17  1:03  SCV  
  18  1:15  SCV  
  19  1:29  Orbital Command, Reaper  
  20  1:40  Command Center  
  20  1:48  Supply Depot  
  20  1:55  SCV  
  21  2:01  Marine  
  21  2:07  SCV  
  23  2:12  Factory  
  23  2:15  Refinery  
  23  2:19  SCV  
  24  2:26  Barracks Reactor  
  24  2:39  SCV  
  25  2:53  Orbital Command  
  25  2:54  SCV  
  25  2:56  Starport  
  26  3:15  Hellion x2  
  26  3:18  SCV, Refinery  
  32  3:20  SCV, Refinery  
  32  3:24  Supply Depot  
  32  3:28  Barracks Tech Lab  
  32  3:30  SCV  
  32  3:32  SCV  
  32  3:33  Viking  
  36  3:40  Fusion Core  
  36  3:46  Hellion  
  36  3:48  Hellion  
  40  3:50  SCV  
  40  3:51  SCV  
  42  3:59  Starport  
  42  4:05  Starport Tech Lab  
  42  4:09  Hellion  
  44  4:12  Supply Depot  
  46  4:17  Hellion  
  46  4:20  SCV  
  47  4:25  SCV  
  48  4:34  SCV  
  48  4:36  Starport Tech Lab  
  48  4:37  SCV  
  50  4:46  SCV  
  50  4:49  SCV  
  50  4:50  Supply Depot  
  52  4:54  Supply Depot  
  52  4:58  SCV  
  53  5:01  SCV  
  56  5:12  Battlecruiser  
  60  5:19  Supply Depot  
  62  5:23  Battlecruiser  
  62  5:28  SCV x2  
  68  5:34  Weapon Refit  
  68  5:40  SCV  
  69  5:51  Supply Depot  
  69  5:55  SCV x2  
  71  6:02  Command Center  
  71  6:08  SCV x2  
  77  6:21  Battlecruiser  
  79  6:27  Battlecruiser  
  85  6:50  Hellion x2  
  85  6:54  Command Center  
  89  7:02  SCV  
  89  7:03  SCV  
  91  7:11  Hellion  
  91  7:12  Factory  
  91  7:13  Factory  
  91  7:14  Hellion, Armory  
  95  7:17  Armory  
  95  7:19  Engineering Bay  
  95  7:20  Supply Depot  
  95  7:22  Supply Depot  
  95  7:23  SCV x2  
  97  7:30  Battlecruiser  
  103  7:47  Battlecruiser  
  103  7:49  Hellion x2  
  113  7:54  Orbital Command  
  113  7:57  SCV x2  
  115  8:00  Factory Tech Lab  
  115  8:01  Factory Tech Lab  
  115  8:07  Orbital Command  
  115  8:09  SCV  
  116  8:30  Hellion  
  116  8:31  Hellion  
  132  8:45  Hellion x2  
  136  9:04  Hellion x2  
  140  9:10  Refinery x2  
Show
View Real Time Build Order
Export as new Build Order

A.I. 1 (Very Easy) Terran - Winner!

Build Orders:  

Get SALT Encoding   

  12  0:00  SCV  
  13  0:13  SCV  
  14  0:18  Supply Depot  
  14  0:37  Refinery  
  14  0:41  Barracks  
  14  1:03  Supply Depot  
  14  1:11  Refinery  
  14  1:29  Marine, Orbital Command  
  15  1:55  SCV  
  16  2:07  SCV  
  17  2:16  Barracks Tech Lab  
  17  2:19  SCV  
  18  2:31  SCV  
  18  2:34  Marine  
  20  2:43  SCV  
  20  2:55  SCV  
  21  3:20  Marine  
  22  4:07  Marauder  
  24  6:19  SCV  
  24  6:34  Marine  
  24  6:35  SCV  
  24  6:37  Supply Depot  
  19  6:47  SCV  
  19  6:48  Factory  
  19  6:59  SCV  
  17  7:04  Marauder  
  16  7:09  Command Center  
  16  7:11  SCV  
  17  7:23  SCV  
  18  7:32  Marine  
  18  7:36  SCV  
  18  7:48  SCV  
  4  8:01  Marine  
  2  8:21  SCV  
  2  8:30  Hellion  
  2  8:33  SCV  
  5  8:41  Command Center  
  5  8:45  SCV  
  6  8:53  Starport  
  6  8:57  SCV  
  6  8:59  Marauder, Refinery  
  9  9:09  SCV  
  10  9:18  Refinery  
  10  9:21  SCV  
  10  9:22  Refinery  
Tags
 
League
Master
Matchup
TvT
Race
Terran
Replay Pack
Spawningtool_Mez
Spawn Locations
Cross Positions
Add a new tag
Caveats
  • Supply blocks, unpowered buildings, or Contaminate may cause inaccurate times.
  • Supply counts are checked every 10 seconds.